 Dungeon Crawl Stone Soup version 0.21.1-1-g345015fe64 (webtiles) character file.

28 Evaline the Bolt Thrower (level 3, -1/21 HPs)
             Began as a Gargoyle Hunter on June 20, 2018.
             Slain by an adder (2 damage)
             ... on level 2 of the Dungeon.
             The game lasted 00:03:54 (1464 turns).

Evaline the Bolt Thrower (Gargoyle Hunter)          Turns: 1464, Time: 00:03:55

Health: -1/21      AC:  7    Str: 16    XL:     3   Next: 14%
Magic:  3/3        EV: 11    Int: 11    God:
Gold:   79         SH:  0    Dex: 10    Spells: 2/2 levels left

rFire    . . .     SeeInvis .   s - -1 dagger (curse)
rCold    . . .     Gourm    .   (no shield)
rNeg     + . .     Faith    .   c - +0 leather armour
rPois    ∞         Spirit   .   i - +0 helmet
rElec    +         Reflect  .   (no cloak)
rCorr    .         Harm     .   (no gloves)
MR       .....                  (no boots)
Stlth    +.........             (no amulet)
HPRegen  0.07/turn              (no ring)
MPRegen  0.08/turn              (no ring)

@: no status effects
A: negative energy resistance 1, electricity resistance, unbreathing,
petrification resistance, rot immunity, AC +3
a: no special abilities


You were on level 2 of the Dungeon.
You were hungry.

You visited 1 branch of the dungeon, and saw 2 of its levels.

You collected 79 gold pieces.

Inventory:

Hand Weapons
 a - a +0 short sword
 b - a +1 hand crossbow
 j - a +0 mace
 s - a cursed -1 dagger (weapon)
Missiles
 d - 20 bolts
 e - 4 poisoned tomahawks (quivered)
 r - 14 stones
Armour
 c - a +0 leather armour (worn)
 i - a +0 helmet (worn)
Scrolls
 h - a scroll of identify {unknown}
 l - a scroll of enchant armour {unknown}
 n - a scroll of fog {unknown}
 q - a scroll of blinking {unknown}
 t - a scroll of magic mapping {unknown}
Potions
 g - 2 potions of agility {unknown}
 k - a potion of ambrosia {unknown}
 m - 3 potions of curing {unknown}
 o - a potion of lignification {unknown}
 p - a potion of berserk rage {unknown}
Comestibles
 f - 8 rations


   Skills:
 - Level 2.1 Fighting
 * Level 4.8 Crossbows
 + Level 1.8 Dodging
 + Level 1.3 Stealth


You had 2 spell levels left.
You didn't know any spells.

Dungeon Overview and Level Annotations

Branches:
Dungeon (2/15)

Altars:
Xom


Innate Abilities, Weirdness & Mutations

You are resistant to torment.
Your stone body is resilient. (AC +3)
You are immune to poison.
You resist negative energy. (rN+)
You are resistant to electric shocks. (rElec)
You can survive without breathing.
You are immune to petrification.
You are immune to rotting.


Message History

The adder closely misses you.
You closely miss the adder.
The adder is moderately wounded.
The adder bites you.
* * * LOW HITPOINT WARNING * * *
You completely miss the adder.
The adder is moderately wounded.
The adder bites you but does no damage. The adder misses you.
You barely miss the adder.
The adder is moderately wounded.
The adder bites you.
* * * LOW HITPOINT WARNING * * *
You barely miss the adder.
The adder is moderately wounded.
The adder bites you.
* * * LOW HITPOINT WARNING * * *
You hit the adder but do no damage.
The adder is moderately wounded.
The adder barely misses you. The adder bites you.
You die...

#.######.##.###...######.#
#.# #.##.# ##.........#
#.######.##.# ###########
#........##.#
###########.# #.# #.# #.#
#@# #S# #.. ...# ....
#...## ..$.. ##.##


You could see an adder.

Vanquished Creatures
  A dart slug (D:2)
  3 bats
  2 giant cockroaches
  2 hobgoblins (D:1)
  4 jackals (D:2)
  2 kobolds (D:2)
  A ball python (D:2)
  3 goblins
  6 rats (D:1)
24 creatures vanquished.

Notes
Turn   | Place    | Note
-------+----------+-------------------------------------------
     0 | D:1      | Evaline the Gargoyle Hunter began the quest for the Orb.
     0 | D:1      | Reached XP level 1. HP: 12/12 MP: 1/1
   317 | D:1      | Reached XP level 2. HP: 16/17 MP: 2/2
   994 | D:2      | Found a snail-covered altar of Cheibriados.
   996 | D:2      | Found a radiant altar of Vehumet.
   996 | D:2      | Found a shimmering altar of Xom.
  1006 | D:2      | Found a burning altar of Makhleb.
  1006 | D:2      | Found a bloodstained altar of Trog.
  1006 | D:2      | Found a basalt altar of Yredelemnul.
  1086 | D:2      | Reached XP level 3. HP: 7/21 MP: 3/3
  1463 | D:2      | HP: 1/21 [adder (4)]
  1464 | D:2      | Slain by an adder

Action                   || total
-------------------------++-------
Melee: Short sword       ||    63
       Dagger            ||    86
 Stab: Sleeping          ||     1
  Eat: Chunk             ||     1
Armor: Leather armour    ||    71
Dodge: Dodged            ||   106
